Map: Acid Plant LE

Players

SwimmingFish - Winner!

  • Race: Zerg Zerg
  • League: Diamond
  • Spawn Location: 5:00

BaronC

  • Race: Terran Terran
  • League: Platinum
  • Spawn Location: 11:00

VOD

Have the link to the VOD?

Description

Time

  • Played on: Oct. 17, 2018, 6:33 p.m.
  • Length: 10:33
Show
View Real Time Build Order
Export as new Build Order

SwimmingFish Zerg - Winner!

Build Orders: Hatch First, Muta Ling Bane 

Get SALT Encoding   

  12  0:13  Overlord  
  12  0:14  Drone  
  12  0:19  Drone  
  14  0:30  Extractor, Drone  
  15  0:41  Drone  
  16  0:46  Drone  
  17  1:00  Drone  
  17  1:04  Hatchery  
  17  1:07  Drone  
  18  1:14  Extractor  
  17  1:19  Drone  
  17  1:23  Spawning Pool  
  17  1:33  Drone  
  18  1:42  Drone  
  19  1:50  Overlord  
  19  2:10  Zergling x2, Queen  
  19  2:12  Zergling x2  
  23  2:15  Queen  
  23  2:18  Metabolic Boost  
  23  2:21  Drone  
  23  2:22  Drone  
  27  2:28  Drone  
  28  2:37  Drone x2  
  28  2:40  Spore Crawler  
  30  2:54  Queen  
  30  2:55  Overlord  
  30  2:57  Drone x2  
  34  2:58  Drone  
  35  3:09  Drone  
  36  3:16  Drone  
  36  3:17  Hatchery  
  36  3:18  Drone  
  36  3:37  Drone x7  
  36  3:39  Pneumatized Carapace  
  43  3:44  Overlord  
  43  4:03  Drone x4  
  43  4:06  Queen  
  49  4:10  Overlord x2  
  49  4:22  Extractor  
  49  4:23  Spore Crawler, Extractor  
  46  4:30  Drone x3  
  50  4:31  Drone x4  
  50  4:33  Spore Crawler  
  50  4:34  Baneling Nest  
  50  4:38  Zergling x12  
  57  4:47  Queen  
  57  4:48  Zergling x2  
  57  4:49  Zergling x4  
  62  4:58  Zergling x2  
  62  4:59  Zergling x4  
  65  5:15  Overlord  
  65  5:16  Overlord  
  65  5:23  Baneling x5  
  65  5:24  Baneling x2, Lair  
  65  5:33  Queen  
  67  5:36  Hatchery  
  66  5:52  Overlord x2  
  66  5:53  Zergling x14  
  73  5:58  Extractor  
  64  6:14  Zergling x20  
  72  6:23  Zergling x4  
  72  6:24  Zergling x2  
  74  6:36  Queen x2  
  74  6:37  Overlord x2  
  78  6:45  Infestation Pit, Drone x2  
  78  6:46  Drone x2, Evolution Chamber  
  81  6:47  Drone, Evolution Chamber  
  81  6:49  Drone x4  
  81  6:51  Baneling x6, Centrifical Hooks  
  84  6:55  Drone  
  84  6:56  Drone x2  
  84  6:58  Drone  
  88  7:13  Spire, Zerg Ground Armor Level 1  
  87  7:19  Zerg Melee Weapons Level 1  
  87  7:23  Drone x3  
  87  7:24  Drone x8  
  98  7:30  Extractor  
  98  7:31  Spore Crawler, Extractor  
  95  7:40  Overseer  
  95  8:06  Drone x4  
  95  8:07  Drone x2  
  101  8:18  Drone x2  
  101  8:19  Drone  
  104  8:20  Drone x2  
  104  8:22  Baneling, Hatchery  
  104  8:23  Baneling x3  
  105  8:32  Hive  
  105  8:33  Burrow  
  105  8:34  Mutalisk x3, Zerg Flyer Armor Level 1  
  105  8:36  Overlord x2  
  105  8:37  Overlord  
  105  8:41  Overlord  
  111  9:06  Mutalisk x4  
  111  9:07  Mutalisk x2  
  122  9:11  Overlord  
  122  9:12  Overlord x2  
  122  9:18  Drone x9  
  122  9:23  Zergling x12  
  122  9:24  Zergling x12  
  143  9:33  Mutalisk x3  
  149  9:42  Overlord  
  149  9:43  Overlord  
  147  10:16  Zergling x16  
  149  10:28  Ultralisk Cavern  
  141  10:30  Extractor  
  141  10:31  Spore Crawler, Extractor  
Show
View Real Time Build Order
Export as new Build Order

BaronC Terran 

Build Orders: Reaper Expand, MMM Bio 

Get SALT Encoding   

  12  0:02  SCV  
  13  0:15  SCV  
  13  0:17  Supply Depot  
  14  0:27  SCV  
  15  0:39  SCV  
  15  0:40  Barracks  
  16  0:45  Refinery  
  16  0:51  SCV  
  17  1:03  SCV  
  18  1:15  SCV  
  19  1:28  Orbital Command, Reaper  
  20  1:41  Command Center  
  20  1:54  Barracks  
  20  1:56  SCV  
  20  2:00  Barracks Reactor  
  21  2:08  SCV  
  22  2:14  Supply Depot  
  22  2:16  Refinery  
  22  2:20  SCV  
  23  2:38  SCV  
  23  2:43  Barracks Tech Lab  
  24  2:46  Factory  
  25  2:51  SCV  
  25  2:56  Marine x2  
  25  2:58  Orbital Command  
  27  3:03  SCV  
  27  3:04  Stimpack  
  27  3:05  Marine  
  29  3:14  Marine x2  
  29  3:15  SCV  
  32  3:36  SCV x2  
  32  3:38  Marine x3  
  37  3:42  Factory Reactor  
  37  3:45  Starport  
  37  3:49  SCV x2  
  37  3:54  Supply Depot  
  39  3:56  Marine x3  
  39  4:01  SCV  
  39  4:02  SCV  
  44  4:16  Marine x3  
  47  4:17  SCV x2  
  47  4:22  Supply Depot  
  49  4:28  Supply Depot  
  49  4:29  SCV  
  49  4:30  SCV  
  51  4:33  Medivac  
  53  4:41  Marine  
  53  4:43  Marine x2, Medivac  
  58  4:47  Supply Depot, Factory Tech Lab  
  58  4:50  SCV x2  
  58  4:51  Supply Depot  
  60  4:59  Marine  
  61  5:01  Marine  
  61  5:02  SCV  
  61  5:06  Engineering Bay, Command Center  
  63  5:07  Engineering Bay  
  63  5:10  SCV  
  63  5:11  Marine  
  65  5:14  SCV  
  65  5:17  Marine  
  67  5:22  SCV  
  68  5:33  SCV  
  68  5:34  Terran Infantry Weapons Level 1, SCV, Terran Infantry Armor Level 1  
  70  5:39  Refinery  
  70  5:41  Refinery  
  70  5:46  Barracks  
  70  5:49  Barracks  
  70  5:50  Barracks  
  70  5:52  Siege Tank  
  73  6:02  Marine  
  60  6:26  Marauder, Marine x2  
  64  6:35  Barracks Tech Lab  
  64  6:36  Siege Tank  
  64  6:37  Barracks Reactor  
  64  6:38  Barracks Reactor  
  67  6:42  Armory  
  67  6:43  Marine  
  68  6:47  SCV  
  68  6:48  Marauder, SCV  
  68  6:50  Orbital Command  
  72  7:00  SCV x2  
  74  7:12  SCV x2  
  74  7:14  Supply Depot, Medivac x2  
  74  7:15  Combat Shield  
  80  7:16  Marauder, Marine x2  
  80  7:17  Marauder, Marine  
  80  7:19  Marine  
  80  7:20  SCV  
  89  7:24  SCV x2  
  89  7:25  Supply Depot  
  89  7:26  Marine x2  
  93  7:34  Marine  
  93  7:36  SCV x2  
  96  7:39  SCV  
  96  7:40  Marine x3  
  96  7:41  Marine x2  
  96  7:42  Siege Tank  
  105  7:45  Marine x2  
  105  7:48  SCV x2  
  109  7:51  SCV, Marine  
  109  7:52  Medivac x2  
  109  7:58  Marine  
  115  8:00  SCV  
  117  8:06  Supply Depot  
  117  8:08  Supply Depot  
  117  8:10  Supply Depot  
  117  8:19  Supply Depot  
  117  8:28  Marauder, Siege Tank, Marine, Medivac  
  117  8:29  SCV, Marine x3  
  117  8:30  Marauder  
  131  8:35  SCV x2  
  131  8:40  Refinery  
  131  8:41  Refinery, SCV  
  132  8:42  Marine x2  
  132  8:45  Marine  
  132  8:47  Concussive Shells, Marine, SCV  
  138  8:50  Marauder  
  138  8:51  Marauder  
  142  9:00  Siege Tank  
  145  9:11  Fusion Core  
  145  9:14  Marine x4  
  145  9:16  Starport  
  149  9:21  Unknown x2, Supply Depot  
  149  9:22  Supply Depot  
  149  9:24  Supply Depot  
  149  9:42  Marine x6  
  154  9:56  Marine  
  154  9:57  Marine  
  158  10:01  Marauder x2  
  158  10:04  Marine x3  
Tags
 
Add a new tag
Caveats
  • Supply blocks, unpowered buildings, or Contaminate may cause inaccurate times.
  • Supply counts are checked every 10 seconds.